 Dungeon Crawl Stone Soup version 0.31.0-11-ge490571c62 (webtiles) character file.

Game seed: 6706640456060915108

554350 GenosseHeretic the Invulnerable (level 25, 0/224 HPs)
             Began as an Armataur Fighter on Feb 7, 2024.
             Was an Elder of Okawaru.
             Killed from afar by a yellow draconian annihilator (4 damage)
             ... with a glob of acid
             ... led by a white draconian stormcaller
             ... on level 3 of the Realm of Zot on Feb 9, 2024.
             The game lasted 07:08:13 (77783 turns).

GenosseHeretic the Invulnerable (Armataur Fighter) Turns: 77783, Time: 07:08:13

Health: 0/224      AC: 57    Str: 35    XL:     25   Next: 15%
Magic:  0/35       EV:  4    Int: 11    God:    Okawaru [****..]
Gold:   5200       SH: 32    Dex:  8    Spells: 24/24 levels left

rFire   + + .        o - +9 eveningstar (holy)
rCold   + . .        E - +5 tower shield
rNeg    + + +        B - +1 crystal plate armour
rPois   +            w - +2 hat of the Bear Spirit {Spirit, Bear, *Rage Will++}
rElec   +            m - +2 cloak {Will+}
rCorr   +            T - +2 pair of gloves
SInv    .            D - +6 lightning scales {swift, rElec}
Will    ++++.        h - amulet of reflection Stlth
                     G - ring of Keekk {rF+ Str+6}
HPRegen 0.00/turn    k - ring "Orurhay" {rPois rN+++ rCorr AC+4 Dex-4}
MPRegen 0.24/turn

%: random rage (23%), reflection, guardian spirit, roll
@: resistant, on berserk cooldown, inhibited regen, slowed, studying 4 skills,
very slow
A: large, deformed body, tough skin 3, armoured tail, roll 2, berserk 1,
inhibited regeneration
}: 3/15 runes: serpentine, barnacled, silver
a: Renounce Religion, Heroism, Finesse


You were on level 3 of the Realm of Zot.
You worshipped Okawaru.
Okawaru was greatly pleased with you.
You visited 10 branches of the dungeon, and saw 47 of its levels.
You also visited: Ice Cave.

You collected 6928 gold pieces.
You spent 1728 gold pieces at shops.

Inventory:

Hand Weapons
 o - a +9 eveningstar of holy wrath (weapon)
Missiles
 Y - 16 silver javelins (quivered)
Armour
 c - the +3 crown of Dyrovepreva {rElec Int+2 SInv}
   (You bought it in a shop on level 2 of the Orcish Mines)

   Int+2:     It affects your intelligence (+2).
   rElec:     It insulates you from electricity.
   SInv:      It lets you see invisible.
 m - a +2 cloak of willpower (worn)
 w - the +2 hat of the Bear Spirit (worn) {Spirit, Bear, *Rage Will++}
   (Okawaru gifted it to you on level 2 of the Snake Pit)

   Bear:      Going berserk makes the wearer exceptionally tough, and they are
   slowed for a shorter time afterward.
   Will++:    It greatly increases your willpower.
   *Rage:     It berserks you when you make melee attacks (+20% chance).
 B - a +1 crystal plate armour (worn)
 D - the +6 lightning scales (worn) {swift, rElec}
   (You bought it in a shop on level 1 of the Shoals)

   Swift:     It allows the wearer to cover ground more swiftly.
   rElec:     It insulates you from electricity.
 E - a +5 tower shield (worn)
 O - a +1 pair of gloves of dexterity
 T - a +2 pair of gloves (worn)
Jewellery
 b - a +4 ring of slaying
 h - an amulet of reflection (around neck)
 k - the ring "Orurhay" (right hand) {rPois rN+++ rCorr AC+4 Dex-4}
   (You took it off a deep elf death mage on level 3 of the Elven Halls)

   [ring of protection]

   AC+4:      It affects your AC (+4).
   Dex-4:     It affects your dexterity (-4).
   rPois:     It protects you from poison rN+++: It renders you almost immune to
   negative energy.
   rCorr:     It protects you from acid and corrosion.
 t - the ring "Wyzap" {rPois rC+ SInv}
   (You acquired it on level 2 of the Dungeon)

   [ring of see invisible]

   rC+:       It protects you from cold.
   rPois:     It protects you from poison SInv: It lets you see invisible.
 G - the ring of Keekk (left hand) {rF+ Str+6}
   (You took it off a guardian mummy on level 2 of the Depths)

   [ring of strength]

   Str+6:     It affects your strength (+6).
   rF+:       It protects you from fire.
 M - the ring "Uviuham" {rElec rF+ rC+ Slay+2}
   (You took it off a deep elf annihilator on level 3 of the Elven Halls)

   [ring of protection from cold]

   Slay+2:    It affects your accuracy & damage with ranged weapons and melee
   (+2).
   rF+:       It protects you from fire.
   rC+:       It protects you from cold.
   rElec:     It insulates you from electricity.
 W - a ring of wizardry
Wands
 g - a wand of light (23)
 F - a wand of roots (36)
 R - a wand of mindburst (7)
 U - a wand of digging (15)
 X - a wand of polymorph (7)
Scrolls
 e - 2 scrolls of silence
 f - 18 scrolls of teleportation
 j - 6 scrolls of fear
 p - 10 scrolls of fog
 r - a scroll of enchant weapon
 v - 4 scrolls of amnesia
 x - 4 scrolls of revelation
 H - 8 scrolls of poison
 Q - 3 scrolls of noise
 S - a scroll of vulnerability
 V - 3 scrolls of immolation
 Z - 3 scrolls of brand weapon
Potions
 a - 3 potions of attraction
 d - a potion of berserk rage
 l - 3 potions of curing
 n - 3 potions of invisibility
 q - 3 potions of cancellation
 s - 7 potions of enlightenment
 u - a potion of magic
 z - 11 potions of brilliance
 A - 7 potions of lignification
 C - 9 potions of mutation
 I - 6 potions of haste
 J - a potion of might
 K - 5 potions of ambrosia
Miscellaneous
 L - a phial of floods
 P - a lightning rod (4/4)


   Skills:
 + Level 18.2 Fighting
 + Level 20.8 Maces & Flails
 O Level 27 Armour
 * Level 25.1 Shields
 + Level 16.9 Invocations


You had 24 spell levels left.
You didn't know any spells.
Your spell library contained the following spells:

 Spells                   Type           Power      Damage    Failure   Level
 Freeze                   Ice            0%         1d3       86%         1
 Kiss of Death            Conj/Necr      0%         2d5       86%         1
 Magic Dart               Conj           0%         1d3       86%         1
 Sandblast                Erth           0%         2d4       86%         1
 Blink                    Tloc           0%         N/A       94%         2
 Ensorcelled Hibernation  Hex/Ice        0%         N/A       94%         2
 Lesser Beckoning         Tloc           0%         N/A       94%         2
 Mercury Vapours          Alch/Air       0%         N/A       94%         2
 Momentum Strike          Conj/Tloc      0%         3d8       94%         2
 Scorch                   Fire           0%         2d5       94%         2
 Searing Ray              Conj           0%         2d4       94%         2
 Sublimation of Blood     Necr           0%         N/A       94%         2
 Confusing Touch          Hex            0%         N/A       99%         3
 Frozen Ramparts          Ice            0%         1d1       99%         3
 Gell's Gravitas          Tloc           0%         N/A       99%         3
 Hailstorm                Conj/Ice       0%         3d5       99%         3
 Mephitic Cloud           Conj/Alch/Air  0%         N/A       99%         3
 Ozocubu's Armour         Ice            0%         N/A       99%         3
 Passwall                 Erth           0%         N/A       99%         3
 Stone Arrow              Conj/Erth      0%         3d7       99%         3
 Swiftness                Air            0%         N/A       99%         3
 Teleport Other           Tloc           0%         N/A       99%         3
 Vampiric Draining        Necr           0%         2d6       99%         3
 Volatile Blastmotes      Fire/Tloc      0%         2d10      99%         3
 Brom's Barrelling Bould  Conj/Erth      0%         2d3       100%        4
 Cause Fear               Hex            0%         N/A       100%        4
 Dispel Undead            Necr           0%         3d6       100%        4
 Flame Wave               Conj/Fire      0%         2d4       100%        4
 Fulminant Prism          Conj/Alch      0%         3d5       100%        4
 Ignite Poison            Fire/Alch      0%         N/A       100%        4
 Iskenderun's Mystic Bla  Conj/Tloc      0%         2d3       100%        4
 Leda's Liquefaction      Alch/Erth      0%         N/A       100%        4
 Manifold Assault         Tloc           0%         N/A       100%        4
 Petrify                  Alch/Erth      0%         N/A       100%        4
 Sticky Flame             Fire/Alch      0%         2d4       100%        4
 Fireball                 Conj/Fire      0%         3d3       100%        5
 Freezing Cloud           Conj/Ice/Air   0%         6-21      100%        5
 Irradiate                Conj/Alch      0%         3d11      100%        5
 Iskenderun's Battlesphe  Conj           0%         2d6       100%        5
 Lee's Rapid Deconstruct  Erth           0%         3d4*      100%        5
 Metabolic Englaciation   Hex/Ice        0%         N/A       100%        5
 Bombard                  Conj/Erth      0%         9d1       100%        6
 Conjure Ball Lightning   Conj/Air       0%         3x3d6     100%        6
 Dispersal                Tloc           0%         N/A       100%        6
 Starburst                Conj/Fire      0%         6d3       100%        6
 Orb of Destruction       Conj           0%         9d5       100%        7
 Ozocubu's Refrigeration  Ice            0%         4d7       100%        7
 Discord                  Hex            0%         N/A       100%        8
 Disjunction              Tloc           0%         N/A       100%        8
 Lehudib's Crystal Spear  Conj/Erth      0%         10d2      100%        8
 Polar Vortex             Ice            0%         N/A       100%        9
 Summon Ice Beast         Ice/Summ       Unusable   N/A       N/A         3
 Animate Armour           Summ/Erth      Unusable   N/A       N/A         4
 Animate Dead             Necr           Unusable   N/A       N/A         4
 Summon Lightning Spire   Summ/Air       Unusable   N/A       N/A         4
 Sculpt Simulacrum        Ice/Alch       Unusable   N/A       N/A         6
 Summon Cactus Giant      Summ           Unusable   N/A       N/A         6
 Dragon's Call            Summ           Unusable   N/A       N/A         9

Dungeon Overview and Level Annotations

Branches:
Dungeon (15/15)            Temple (1/1) D:4            Lair (5/5) D:9
 Shoals (4/4) Lair:3        Snake (4/4) Lair:2        Slime (0/5) Lair:5
    Orc (2/2) D:10            Elf (3/3) Orc:2        Vaults (5/5) D:14
  Crypt (0/3) Vaults:2     Depths (4/4) D:15            Zot (4/5) Depths:4
  IceCv (visited)

Altars:
Ashenzari
Cheibriados
Dithmenos
Elyvilon
Fedhas
Gozag
Hepliaklqana
Kikubaaqudgha
Makhleb
Nemelex Xobeh
Okawaru
Qazlal
Ru
Sif Muna
Trog
Uskayaw
Vehumet
Wu Jian
Xom
Yredelemnul
Zin
The Shining One
Jiyva

Shops:
D:5 [   D:8 ?   D:9 =   Orc:2 ([*:   Elf:3 (   Shoals:1 (!![   Shoals:3 :(
Snake:1 ?

Portals:
Hell: Depths:1 Depths:2 Depths:3 Depths:4
Abyss: Depths:3
Pandemonium: Depths:4
Ziggurat: Depths:4

Annotations:
Lair:5 exclusion: 2 oklob plants
Snake:4 2 transporters
Depths:1 2 transporters, Xoxom's ghost, master GrEE
Depths:3 2 transporters


Innate Abilities, Weirdness & Mutations

Armour fits poorly on your strangely shaped body.
You have extremely tough skin. (AC +3)
You have a long armoured tail.
You regenerate magic and health when rolling toward enemies. (Rampage Regen)
You sometimes lose your temper in combat.
You do not regenerate when monsters are visible.


Message History

The yellow draconian annihilator blinks!
The yellow draconian annihilator casts a spell.
The yellow draconian annihilator blinks!
The white draconian breathes frost at you.
The blast of cold hits you!!
* * * LOW HITPOINT WARNING * * *
You feel much better.
You feel very sick.
Cornered, the white draconian stormcaller turns to fight!
You block the white draconian's attack. The golden dragon breathes fire at you.
The bolt of fire hits you! You resist.
* * * LOW HITPOINT WARNING * * *
You feel better.
The black draconian seems to regain its courage.
The black draconian breathes lightning at you.
The bolt of lightning hits you. You resist.
* * * LOW HITPOINT WARNING * * *
The white draconian hits you with a +0 hand axe!
* * * LOW HITPOINT WARNING * * *
The white draconian breathes frost at you.
The blast of cold hits you!!
* * * LOW HITPOINT WARNING * * *
You block the golden dragon's attack. x3
You feel protected.
The white draconian stormcaller breathes frost at you.
The blast of cold misses you. You block the white draconian's attack.
You block the golden dragon's attack. x2
The golden dragon tramples you but does no damage.
Okay, then.
Blink to where?
Press: ? - help, Q - select action, (/) - cycle Dir - move target
As you read the scroll of blinking, it crumbles to dust.
The yellow draconian annihilator seems to regain its courage.
The yellow draconian seems to regain its courage.
The white draconian stormcaller invokes the aid of Qazlal against you.
The blast of rubble hits you but does no damage.
The yellow draconian annihilator spits acid at you.
The glob of acid hits you. You resist.
You die...

#...d #d..# #q§.# #...# #C..#
###### #.!.# #....## ##○q.#
#.....# #....#
###############.@...####(...#
.........#§#....#....d#.....#
.......⌠.####...#.......(#☼○#
....#....##.....#..q....##..#
...##...##qq....#......#○...#
..##...##...<....d....##....#
)##...##....)####.D........?#
##...##.....## #§d..#####..#
#....#......# #..### ..#


You could see a golden dragon, a black draconian, a yellow draconian (fleeing),
a white draconian, a white draconian stormcaller and 2 draconians.

Vanquished Creatures
  3 dread liches (Vaults:5)
  2 ancient liches
  The ghost of astronautguy the Petrodigitator, a master FoEE of Vehumet (Vaults:4)
  Vv (Depths:2)
  2 curse toes
  The ghost of casual the Hoplite, a veteran MiMo of Hepliaklqana (Vaults:4)
  Margery (Arena)
  Norris (Depths:2)
  3 electric golems
  2 golden dragons
  The ghost of tamionv the Dancer, an adept GrFi of Uskayaw (Vaults:4)
  The ghost of dertzug the Brawler, an adept TrFi of Wu Jian (Vaults:2)
  7 tentacled monstrosities
  9 liches
  A searing wretch (Vaults:2)
  A deep elf blademaster (Elf:3)
  3 titans
  10 sphinxes
  5 quicksilver dragons
  6 death cobs
  Polyphemus (Shoals:3)
  2 ancient champions (Depths:2)
  10 shadow dragons
  5 storm dragons
  7 tengu reavers
  Ilsuiw (Shoals:3)
  2 protean progenitors
  7 draconian shifters
  3 nagarajas
  18 frost giants
  5 draconian knights
  6 draconian scorchers
  14 fire giants
  8 draconian monks
  7 deep elf sorcerers
  16 vault wardens
  2 iron dragons (Vaults:5)
  2 cacodemons (Depths:2)
  The ghost of lasso the Black Belt, an adept OpSh of Gozag (Snake:1)
  A ghost moth (Zot:3)
  16 ironbound preservers
  3 deep elf elementalists (Elf:3)
  10 very ugly things
  3 reapers
  5 orc warlords
  22 stone giants
  6 draconian annihilators
  2 formless jellyfish (Vaults:4)
  7 ironbound thunderhulks
  6 green draconians
  3 vampire knights
  19 dire elephants
  8 deep elf death magi
  4 spark wasps
  9 deep elf demonologists
  16 deep elf annihilators
  5 white draconians
  6 red draconians
  6 purple draconians
  10 black draconians
  2 war gargoyles
  12 yellow draconians
  A spectral pearl dragon (Depths:2)
  An eidolon (Vaults:4)
  16 ettins
  5 merfolk javelineers
  A green death (Depths:4)
  A crystal guardian (Vaults:4)
  Josephine (Lair:5)
  3 entropy weavers
  7 merfolk impalers
  6 deep elf high priests
  5 fire dragons
  2 mummy priests (Depths:2)
  6 jiangshi
  8 great orbs of eyes
  4 ice dragons
  13 yaktaur captains
  Fannar (D:12)
  A rakshasa (Depths:3)
  4 salamander tyrants
  An ogre mage (Vaults:5)
  6 hydras
  30 vault guards
  A peacekeeper (Vaults:4)
  An alligator (shapeshifter) (Vaults:5)
  9 centaur warriors
  An anaconda (shapeshifter) (Vaults:5)
  Erica (Lair:1)
  6 ironbound frosthearts
  3 merfolk aquamancers (Shoals:4)
  An alligator snapping turtle (Shoals:4)
  4 catoblepae
  3 merfolk avatars
  11 anacondas
  33 dancing weapons
  10 naga warriors
  11 boulder beetles
  2 satyrs
  8 two-headed ogres
  5 tengu warriors
  12 death yaks
  2 vampire magi
  3 deep troll shamans
  3 orc high priests (Orc:2)
  7 deep troll earth magi
  13 hell knights
  A shock serpent (shapeshifter) (Vaults:5)
  2 spriggan berserkers
  8 naga sharpshooters
  The ghost of Killerpretzel the Changeling, a novice OpSh of Gozag (D:10)
  8 shock serpents
  An occultist (D:13)
  Nergalle (Lair:2)
  17 deep elf knights
  A sun demon (Depths:2)
  5 skeletal warriors (D:15)
  A soul eater (Depths:4)
  13 iron trolls
  9 skysharks
  A death drake (shapeshifter) (Depths:2)
  A fire crab (Lair:1)
  8 salamander mystics
  53 deep trolls
  2 shadow wraiths (Vaults:4)
  13 sea snakes
  The ghost of dvd2 the Scratcher, a novice FeSh (D:9)
  10 deep elf archers
  3 naga ritualists
  6 arcanists
  5 mana vipers
  12 phantasmal warriors
  3 glowing orange brains
  20 lindwurms
  4 flayed ghosts
  Pikel (D:6)
  2 bog bodies (IceCv)
  5 necromancers
  21 ironbound convokers
  A lindwurm (shapeshifter) (Depths:2)
  A spectral human (Vaults:2)
  17 harpies
  32 deep elf zephyrmancers
  23 orc knights
  24 deep elf pyromancers
  6 cyclopes
  2 apis zombies (Depths:2)
  30 ugly things
  A glowing shapeshifter (Depths:2)
  9 orc sorcerers
  18 manticores
  22 salamanders
  Maurice (D:7)
  11 fauns
  A mana viper (shapeshifter) (Depths:3)
  25 elephants
  19 moths of wrath
  A water nymph (shapeshifter) (Depths:2)
  8 guardian serpents
  5 water nymphs
  19 vault sentinels
  8 merfolk sirens
  28 black mambas
  15 naga magi
  An eye of devastation (shapeshifter) (Depths:2)
  4 gargoyles
  13 cane toads
  A cane toad (shapeshifter) (Vaults:5)
  6 torpor snails
  9 rime drakes
  47 yaktaurs
  4 efreet (Zot:1)
  2 unseen horrors
  3 freezing wraiths
  Psyche (D:11)
  An ice devil (IceCv)
  13 komodo dragons
  2 anaconda simulacra (IceCv)
  7 guardian mummies (Depths:2)
  A troll (shapeshifter) (D:13)
  12 trolls
  2 spectral glowing shapeshifters (Depths:2)
  20 merfolk
  5 wind drakes
  3 polar bears
  Grinder (D:6)
  8 snapping turtles
  3 hornets
  A tarantella (Vaults:2)
  A glass eye (Depths:1)
  12 dream sheep
  13 blink frogs
  29 slime creatures
  2 shadows
  A dire elephant simulacrum (IceCv)
  2 spriggans (Depths:3)
  5 air elementals
  3 vampires
  4 wraiths
  Sigmund (D:3)
  3 wyverns
  46 yaks
  12 water elementals
  9 basilisks
  A warg (shapeshifter) (Elf:1)
  4 fire elementals
  19 humans (D:14)
  4 wargs
  A redback (Vaults:4)
  4 steam dragons
  4 vampire mosquitoes (D:14)
  3 death yak simulacra (IceCv)
  42 nagas
  2 harpy simulacra (IceCv)
  15 water moccasins
  A swamp worm (shapeshifter) (Depths:2)
  A glowing shapeshifter zombie (Depths:2)
  The ghost of topfpfpflanze the Covert, an amateur FeDe (D:5)
  2 acid dragons
  A hydra simulacrum (IceCv)
  42 orc warriors
  2 sky beasts (D:7)
  28 wolves
  9 ogres
  3 black bears
  A boggart (Vaults:3)
  8 centaurs
  2 phantoms
  4 lemures (D:6)
  3 kobold brigands
  12 bullfrogs
  7 earth elementals
  2 gnoll sergeants
  A scorpion (D:5)
  A cane toad simulacrum (IceCv)
  10 two-headed ogre simulacra
  4 wights
  6 killer bees (D:9)
  2 elephant simulacra
  4 howler monkeys
  An electric eel (D:10)
  3 bombardier beetles
  A hound (D:4)
  4 jellies
  23 orc priests
  A gnoll bouda (D:9)
  Jessica (D:2)
  20 orc wizards
  A sleepcap (D:7)
  4 iguanas
  2 polar bear simulacra
  8 spriggan simulacra
  7 troll simulacra
  A wolf simulacrum (IceCv)
  Robin (D:3)
  15 gnolls
  16 adders
  6 naga simulacra
  7 white imps
  7 ufetubi (IceCv)
  5 ribbon worms
  82 orcs
  6 endoplasms
  3 giant cockroaches
  21 goblins
  11 hobgoblins
  3 jackals (D:1)
  2 quokkas
  6 ball pythons
  8 bats
  3 frilled lizards
  16 kobolds
  8 rats
  An aspiring flesh (Zot:3)
2071 creatures vanquished.

Vanquished Creatures (others)
  A golden dragon (Depths:3)
  A lich (Depths:3)
  A frost giant (Depths:3)
  A spriggan defender (Depths:3)
  A spark wasp (Zot:3)
  4 deep elf zephyrmancers
  A moth of wrath (Zot:1)
  A wind drake (shapeshifter) (Elf:1)
  An air elemental (Elf:3)
  A warg (Vaults:5)
  A naga (Snake:2)
  A water moccasin (Lair:3)
15 creatures vanquished.

Grand Total: 2086 creatures vanquished

Notes
Turn   | Place    | Note
-------+----------+-------------------------------------------
     0 | D:1      | GenosseHeretic the Armataur Fighter began the quest for the
                  | Orb.
     0 | D:1      | Reached XP level 1. HP: 18/18 MP: 1/1
   227 | D:1      | Reached XP level 2. HP: 25/25 MP: 2/2
   937 | D:1      | Reached skill level 4 in Armour
  1237 | D:2      | Reached XP level 3. HP: 25/31 MP: 3/3
  1419 | D:2      | Reached XP level 4. HP: 38/38 MP: 4/4
  1472 | D:2      | Found a faded altar of an unknown god.
  1815 | D:2      | Noticed Jessica
  1822 | D:2      | Killed Jessica
  1859 | D:2      | Reached XP level 5. HP: 45/45 MP: 5/5
  2179 | D:2      | Identified a scroll of acquirement
  2179 | D:2      | Acquired the ring "Wyzap" {rPois rC+ SInv}
  2227 | D:3      | Noticed Sigmund
  2489 | D:3      | Noticed Robin
  2525 | D:3      | Killed Robin
  2921 | D:3      | Reached XP level 6. HP: 51/52 MP: 6/6
  3326 | D:3      | Killed Sigmund
  3327 | D:3      | Reached skill level 5 in Armour
  3400 | D:4      | Found a staircase to the Ecumenical Temple.
  3437 | Temple   | Entered the Ecumenical Temple
  3515 | Temple   | Became a worshipper of Warmaster Okawaru
  3716 | D:4      | Gained mutation: You regenerate magic and health when
                  | rolling toward enemies. (Rampage Regen) [Armataur growth]
  3716 | D:4      | Reached XP level 7. HP: 59/59 MP: 7/7
  3853 | D:4      | Reached skill level 5 in Shields
  4264 | D:5      | Entered Level 5 of the Dungeon
  4283 | D:5      | Found Recvoulon's Armour Emporium.
  4326 | D:5      | Reached * piety under Okawaru
  4327 | D:5      | Reached skill level 5 in Maces & Flails
  4337 | D:5      | Reached skill level 6 in Armour
  4552 | D:5      | Reached XP level 8. HP: 67/67 MP: 8/8
  4605 | D:5      | Identified the +1 ring mail "Dimnoke" {Rampage}
  4651 | D:5      | Found a glowing golden altar of the Shining One.
  4651 | D:5      | Found a sparkling altar of Nemelex Xobeh.
  4651 | D:5      | Found a radiant altar of Vehumet.
  4651 | D:5      | Found a hazy altar of Hepliaklqana.
  4683 | D:5      | Found a burning altar of Makhleb.
  4683 | D:5      | Found an ancient bone altar of Kikubaaqudgha.
  4747 | D:5      | Found a bloodstained altar of Trog.
  4761 | D:5      | Found a runed translucent door.
  4764 | D:5      | Noticed topfpfpflanze's ghost (amateur FeDe)
  4764 | D:5      | Noticed a troll
  5920 | D:6      | Noticed Grinder
  5927 | D:6      | Paralysed by Grinder for 4 turns
  5932 | D:6      | Killed Grinder
  5932 | D:6      | Reached ** piety under Okawaru
  6154 | D:6      | Reached skill level 1 in Invocations
  6154 | D:6      | Reached XP level 9. HP: 72/72 MP: 9/9
  6168 | D:6      | Noticed Pikel
  6184 | D:6      | Killed Pikel
  6327 | D:6      | Found a shimmering blue altar of Sif Muna.
  6463 | D:5      | Killed topfpfpflanze's ghost
  6465 | D:5      | Killed a troll
  6465 | D:5      | Reached *** piety under Okawaru
  6467 | D:5      | Identified the +0 chain mail of Ybbauf {rElec rC- rCorr
                  | Str+6}
  6776 | D:7      | Reached skill level 10 in Maces & Flails
  6941 | D:7      | Noticed Maurice
  6953 | D:7      | Something stole a ring of protection from fire
  6954 | D:7      | Something stole a +1 flail
  6962 | D:7      | Something stole 2 boomerangs
  6973 | D:7      | Killed Maurice
  7071 | D:7      | Identified the +7 dagger of an ice cave {flame, rN+ Dex+4}
  7325 | D:8      | Reached XP level 10. HP: 80/80 MP: 13/13
  7334 | D:8      | Identified the +2 robe "Fiaf Weinle" {rF+ Int+4 Dex+3}
  7365 | D:8      | Found Gaugh's Magic Scroll Emporium.
  7571 | D:8      | Reached skill level 5 in Invocations
  8194 | D:9      | Found a staircase to the Lair.
  8239 | D:8      | Reached skill level 5 in Fighting
  8479 | D:9      | Noticed a two-headed ogre
  8494 | D:9      | Killed a two-headed ogre
  8495 | D:9      | Reached skill level 7 in Armour
  8495 | D:9      | Found Acong's Jewellery Shoppe.
  8989 | D:9      | Noticed a two-headed ogre
  8998 | D:9      | Killed a two-headed ogre
  9199 | D:9      | Found a runed translucent gate.
  9200 | D:9      | Found a runed translucent gate.
  9200 | D:9      | Identified the +3 plate armour of Degaicat {^Contam Fly
                  | rPois Int+3}
  9200 | D:9      | Noticed dvd2's ghost (novice FeSh)
  9201 | D:9      | Found a runed translucent gate.
  9240 | D:9      | Killed dvd2's ghost
  9241 | D:9      | Reached XP level 11. HP: 40/89 MP: 15/15
  9249 | D:9      | Reached **** piety under Okawaru
  9716 | D:10     | Entered Level 10 of the Dungeon
  9772 | D:10     | Reached skill level 8 in Armour
  9848 | D:10     | Noticed a two-headed ogre
  9851 | D:10     | Killed a two-headed ogre
 10202 | D:10     | Found a runed translucent gate.
 10203 | D:10     | Found a runed translucent gate.
 10203 | D:10     | Found a runed translucent gate.
 10204 | D:10     | Noticed Killerpretzel's ghost (novice OpSh)
 10204 | D:10     | Noticed a great orb of eyes
 10223 | D:10     | Found a viscous altar of Jiyva.
 10235 | D:10     | Found a staircase to the Orcish Mines.
 10388 | D:10     | Reached ***** piety under Okawaru
 11413 | D:11     | Reached skill level 9 in Armour
 11430 | D:11     | Received a gift from Okawaru
 11487 | D:11     | Noticed Psyche
 11558 | D:11     | Killed Psyche
 11808 | Lair:1   | Entered Level 1 of the Lair of Beasts
 11991 | Lair:1   | Reached XP level 12. HP: 65/100 MP: 17/17
 12113 | Lair:1   | Noticed a death yak
 12127 | Lair:1   | Killed a death yak
 12127 | Lair:1   | Received a gift from Okawaru
 12153 | Lair:1   | Reached skill level 10 in Armour
 12199 | Lair:1   | Found a runed translucent door.
 12373 | Lair:1   | Noticed a dire elephant
 12398 | Lair:1   | Killed a dire elephant
 12769 | Lair:1   | Noticed Erica
 12777 | Lair:1   | Killed Erica
 12794 | Lair:1   | Received a gift from Okawaru
 12805 | Lair:1   | Reached skill level 10 in Shields
 12902 | Lair:1   | Reached skill level 11 in Armour
 13888 | Lair:2   | Noticed Nergalle
 13894 | Lair:2   | Killed Nergalle
 13978 | Lair:2   | Received a gift from Okawaru
 14140 | Lair:2   | Found a staircase to the Snake Pit.
 14186 | Lair:2   | Reached XP level 13. HP: 107/107 MP: 18/18
 14757 | Lair:3   | Reached skill level 12 in Armour
 14994 | Lair:3   | Received a gift from Okawaru
 15485 | Lair:3   | Found a staircase to the Shoals.
 15624 | Lair:3   | Reached skill level 13 in Armour
 15861 | Lair:3   | Received a gift from Okawaru
 16561 | Lair:4   | Reached XP level 14. HP: 117/118 MP: 19/19
 16643 | Lair:4   | Received a gift from Okawaru
 16669 | Lair:4   | Found a snail-covered altar of Cheibriados.
 17261 | Lair:5   | Entered Level 5 of the Lair of Beasts
 17533 | Lair:4   | Reached skill level 14 in Armour
 17877 | Lair:5   | Noticed Josephine
 17888 | Lair:5   | Found a staircase to the Slime Pits.
 17946 | Lair:5   | Killed Josephine
 18330 | Lair:5   | Received a gift from Okawaru
 19056 | Lair:5   | Identified the +5 sling "Italosi" {speed, rElec rCorr}
 19067 | Lair:5   | Identified the +7 whip of Ojisegg {freeze, rF+ rCorr Int-5
                  | Dex+2}
 19122 | Lair:5   | Received a gift from Okawaru
 19156 | Lair:5   | Reached skill level 15 in Armour
 19446 | Lair:5   | Found a viscous altar of Jiyva.
 19754 | Lair:3   | Reached skill level 10 in Fighting
 20237 | D:10     | Killed Killerpretzel's ghost
 20238 | D:10     | Reached XP level 15. HP: 124/126 MP: 21/21
 20596 | Orc:1    | Entered Level 1 of the Orcish Mines
 20609 | Orc:1    | Received a gift from Okawaru
 20905 | Orc:2    | Entered Level 2 of the Orcish Mines
 21193 | Orc:2    | Found a staircase to the Elven Halls.
 21644 | Orc:1    | Received a gift from Okawaru
 22621 | Orc:2    | Found Xoapn's Antique Armour Emporium.
 22622 | Orc:2    | Found Joamol's Antique Weapon Emporium.
 22624 | Orc:2    | Found Noupn's General Store.
 22624 | Orc:2    | Found Guleudgh's Book Shoppe.
 22643 | Orc:2    | Bought a +1 kite shield of protection for 198 gold pieces
 22735 | Orc:2    | Bought the +3 crown of Dyrovepreva {rElec Int+2 SInv} for
                  | 496 gold pieces
 22735 | Orc:2    | Found the +3 crown of Dyrovepreva {rElec Int+2 SInv}
 22735 | Orc:2    | Bought a potion of mutation for 96 gold pieces
 23919 | D:12     | Found a frozen archway.
 24084 | IceCv    | Entered an ice cave
 24742 | IceCv    | Reached skill level 16 in Armour
 24802 | IceCv    | Identified the +5 eveningstar "Kisoinky" {freeze, Fly rElec
                  | rCorr}
 27339 | D:12     | Reached skill level 15 in Maces & Flails
 27550 | D:12     | Noticed Fannar
 27561 | D:12     | Killed Fannar
 27993 | D:13     | Reached skill level 15 in Shields
 28731 | D:14     | Received a gift from Okawaru
 28993 | D:14     | Found an ancient bone altar of Kikubaaqudgha.
 29097 | D:14     | Identified the +8 trident of the Hungering Gods {distort,
                  | +Blink rF++ Str+3 Int-4}
 29459 | D:14     | Reached XP level 16. HP: 122/136 MP: 22/22
 29494 | D:14     | Found a gate to the Vaults.
 29702 | D:15     | Entered Level 15 of the Dungeon
 30060 | D:15     | Reached skill level 17 in Armour
 30076 | D:15     | Found a staircase to the Depths.
 30360 | D:15     | Received a gift from Okawaru
 30844 | D:15     | Found a white marble altar of Elyvilon.
 30845 | D:15     | Found a glowing silver altar of Zin.
 30846 | D:15     | Found a glowing golden altar of the Shining One.
 31876 | Snake:1  | Entered Level 1 of the Snake Pit
 31999 | Snake:1  | Received a gift from Okawaru
 32103 | Snake:1  | Found a transporter.
 32111 | Snake:1  | Found a bloodstained altar of Trog.
 32111 | Snake:1  | Found a transporter.
 32120 | Snake:1  | Noticed lasso's ghost (adept OpSh)
 32345 | Snake:1  | Found Towareef's Magic Scroll Boutique.
 32630 | Snake:1  | Got Sif Muna's Atlas of Frostbite and Alteration
 32903 | Snake:1  | Reached skill level 18 in Armour
 32921 | Snake:1  | Killed lasso's ghost
 33397 | Snake:2  | Received a gift from Okawaru
 33476 | Snake:2  | Reached ****** piety under Okawaru
 33547 | Snake:2  | Acquired the +2 hat of the Bear Spirit {Spirit, Bear, *Rage
                  | Will++}
 33547 | Snake:2  | Received a gift from Okawaru
 33547 | Snake:2  | Found the +2 hat of the Bear Spirit {Spirit, Bear, *Rage
                  | Will++}
 33564 | Snake:2  | Acquired a +1 eveningstar of holy wrath
 33564 | Snake:2  | Received a gift from Okawaru
 34496 | Snake:3  | Reached XP level 17. HP: 146/146 MP: 24/24
 34941 | Snake:3  | Reached skill level 10 in Invocations
 35465 | Snake:3  | Received a gift from Okawaru
 35624 | Snake:4  | Entered Level 4 of the Snake Pit
 35646 | Snake:4  | Found a transporter.
 35924 | Snake:4  | Found a transporter.
 35926 | Snake:4  | Found a transporter.
 35999 | Snake:4  | Found a transporter.
 36097 | Snake:4  | Found a transporter.
 36106 | Snake:4  | Found a transporter.
 36474 | Snake:4  | Received a gift from Okawaru
 36570 | Snake:4  | Reached skill level 19 in Armour
 37104 | Snake:4  | Received a gift from Okawaru
 37496 | Snake:4  | Got a serpentine rune of Zot
 38024 | Shoals:1 | Entered Level 1 of the Shoals
 38193 | Shoals:1 | Found Weoseroad's Armour Boutique.
 38211 | Shoals:1 | Bought the +6 lightning scales {swift, rElec} for 938 gold
                  | pieces
 38211 | Shoals:1 | Found the +6 lightning scales {swift, rElec}
 38225 | Shoals:1 | Identified the +5 hand axe of Gooli {antimagic, rN+ rCorr
                  | Int+4 Dex-2}
 38296 | Shoals:1 | Found Xiez's Distillery.
 38305 | Shoals:1 | Found Geloots's Distillery.
 38940 | Shoals:1 | Found Hiettym's Weapon Shoppe.
 39513 | Shoals:2 | Reached XP level 18. HP: 156/156 MP: 26/26
 40487 | Shoals:3 | Received a gift from Okawaru
 40642 | Shoals:3 | Noticed Ilsuiw
 40722 | Shoals:3 | Killed Ilsuiw
 40732 | Shoals:3 | Found Teomigett's Book Emporium.
 40736 | Shoals:3 | Identified the +4 ring mail "Daishiz" {Rampage Str+4 Dex+3}
 40830 | Shoals:3 | Reached skill level 20 in Armour
 41372 | Shoals:3 | Found Azel Jeewi's Antique Weapon Shoppe.
 41380 | Shoals:3 | Received a gift from Okawaru
 41875 | Shoals:3 | Noticed Polyphemus
 41887 | Shoals:3 | Killed Polyphemus
 41980 | Shoals:4 | Entered Level 4 of the Shoals
 42754 | Shoals:4 | Got Sif Muna's Enchiridion on Telluric Compounds
 42867 | Shoals:4 | Identified the ring "Omatecimm" {*Slow Fly rElec rN+ rCorr}
 42989 | Shoals:4 | Found the +5 robe of Misfortune {Harm *Corrode *Slow EV+5}
 43092 | Shoals:4 | Received a gift from Okawaru
 43108 | Shoals:4 | Got a barnacled rune of Zot
 43570 | Vaults:1 | Entered Level 1 of the Vaults
 44099 | Vaults:1 | Received a gift from Okawaru
 44726 | Vaults:1 | Reached XP level 19. HP: 128/165 MP: 22/28
 45405 | Vaults:1 | Received a gift from Okawaru
 46006 | Vaults:2 | Noticed Margery
 46016 | Arena    | Entered the Arena
 46023 | Arena    | Killed Margery
 46076 | Arena    | Entered the Arena
 46105 | Vaults:2 | Reached skill level 21 in Armour
 46137 | Arena    | Entered the Arena
 47233 | Vaults:2 | Found a staircase to the Crypt.
 47508 | Vaults:2 | Found a transporter.
 47531 | Vaults:2 | Found a transporter.
 47541 | Vaults:2 | Noticed dertzug's ghost (adept TrFi)
 47739 | Vaults:3 | Received a gift from Okawaru
 47841 | Vaults:3 | Identified the +4 scale mail of Space {Int+2 Stlth+}
 48213 | Vaults:3 | Reached XP level 20. HP: 176/176 MP: 29/29
 49151 | Vaults:3 | Received a gift from Okawaru
 49476 | Vaults:4 | Found a runed translucent gate.
 49476 | Vaults:4 | Found a runed translucent gate.
 49476 | Vaults:4 | Found a runed translucent gate.
 49477 | Vaults:4 | Noticed casual's ghost (veteran MiMo)
 49477 | Vaults:4 | Noticed tamionv's ghost (adept GrFi)
 49477 | Vaults:4 | Noticed astronautguy's ghost (master FoEE)
 49496 | Vaults:4 | Noticed an ancient lich
 49525 | Vaults:4 | Killed an ancient lich
 49617 | Vaults:4 | Identified the +2 robe of Beogh's Brutal Revenge {-Tele
                  | Regen+ Dex+5 Archmagi}
 50235 | Vaults:4 | Received a gift from Okawaru
 50538 | Vaults:4 | Reached skill level 22 in Armour
 50726 | Vaults:4 | Reached skill level 15 in Fighting
 51384 | Vaults:2 | HP: 5/162 [shadow dragon/bolt of negative energy (17)]
 51569 | Vaults:2 | Killed dertzug's ghost
 53031 | Elf:1    | Entered Level 1 of the Elven Halls
 53197 | Elf:1    | Received a gift from Okawaru
 54060 | Elf:1    | Paralysed by an air elemental for 1 turns
 54106 | Elf:1    | Reached XP level 21. HP: 179/179 MP: 31/31
 55788 | Elf:2    | Found a huge runed translucent gate.
 55788 | Elf:2    | Found a huge runed translucent gate.
 55792 | Elf:2    | Found a huge runed translucent gate.
 55924 | Elf:2    | Found a huge runed translucent gate.
 55924 | Elf:2    | Found a huge runed translucent gate.
 56151 | Elf:2    | Identified the blade talisman of Tidwaope {Str+4 SInv}
 56285 | Elf:2    | Received a gift from Okawaru
 56606 | Elf:3    | Entered Level 3 of the Elven Halls
 56769 | Elf:3    | Paralysed by an air elemental for 1 turns
 57066 | Elf:3    | Reached skill level 15 in Invocations
 57163 | Elf:3    | HP: 1/174 [Ice Fiend/bolt of cold[a deep elf demonologist]
                  | (27)]
 57179 | Elf:3    | Received a gift from Okawaru
 57558 | Elf:3    | Identified the +9 spear of Okawaru's Supremacy {elec, rPois
                  | rF- Dex+6}
 57558 | Elf:3    | Identified the ring "Orurhay" {rPois rN+++ rCorr AC+4
                  | Dex-4}
 57565 | Elf:3    | Reached skill level 23 in Armour
 57748 | Elf:3    | Identified the +5 sling of Barolai {freeze, rC+}
 57757 | Elf:3    | Identified the ring "Uviuham" {rElec rF+ rC+ Slay+2}
 57758 | Elf:3    | Identified the ring "Qoxkues" {rElec rPois rN++ Int-2
                  | Dex-5}
 57867 | Elf:3    | Got the Tome of Cloudy Fever
 57888 | Elf:3    | Got the Dissertation on the Sweltering Grave
 57908 | Elf:3    | Identified the staff of Defilement {Conj Necro Earth}
 57910 | Elf:3    | Identified the +5 falchion of Drought {protect, +Blink
                  | rElec}
 58211 | Elf:3    | Found Haiqiom's Weapon Shop.
 58268 | Elf:3    | Paralysed by an air elemental for 1 turns
 59377 | Depths:1 | Entered Level 1 of the Depths
 59768 | Depths:1 | Received a gift from Okawaru
 59893 | Depths:1 | Found a gateway to Hell.
 59992 | Depths:1 | Found a transporter.
 59994 | Depths:1 | Identified the +11 giant club of Pak Novu {freeze, Int+4}
 59994 | Depths:1 | Noticed Xoxom's ghost (master GrEE)
 59995 | Depths:1 | Identified the +9 great mace "Ohoufueng" {heavy, rPois rF+
                  | rC+}
 59999 | Depths:1 | Found a transporter.
 60122 | Depths:1 | Reached XP level 22. HP: 195/195 MP: 33/33
 60688 | Depths:2 | Noticed Vv
 60710 | Depths:2 | Killed Vv
 61009 | Depths:2 | Found a basalt altar of Yredelemnul.
 61009 | Depths:2 | Found a shimmering altar of Xom.
 61009 | Depths:2 | Found an ancient bone altar of Kikubaaqudgha.
 61458 | Depths:2 | Noticed Norris
 61460 | Depths:2 | Received a gift from Okawaru
 61474 | Depths:2 | Killed Norris
 61687 | Depths:2 | Gained mutation: You do not regenerate when monsters are
                  | visible. [a cacodemon]
 61871 | Depths:2 | Found a shimmering altar of Xom.
 61899 | Depths:2 | Gained mutation: You sometimes lose your temper in combat.
                  | [a cacodemon]
 61907 | Depths:2 | Identified the ring of Keekk {rF+ Str+6}
 62718 | Depths:3 | Reached skill level 24 in Armour
 62809 | Depths:3 | Noticed a golden dragon
 62810 | Depths:3 | You are sucked into a shaft and drop 1 floor!
 62810 | Depths:4 | Entered Level 4 of the Depths
 62996 | Depths:4 | Received a gift from Okawaru
 62999 | Depths:4 | Found a one-way gate leading to the halls of Pandemonium.
 63206 | Depths:3 | Found a transporter.
 63224 | Depths:3 | Found the +8 demon blade "Leech" {evervamp, Harm ^Drain
                  | rN+}
 63231 | Depths:3 | Found a transporter.
 63231 | Depths:3 | Found a transporter.
 63233 | Depths:3 | Identified the ring "Sabaa" {rF+ rN+ Dex+2}
 63761 | Depths:3 | Found a transporter.
 63821 | Depths:3 | Found a transporter.
 63884 | Depths:3 | Found a one-way gate to the infinite horrors of the Abyss.
 64005 | Depths:4 | Received a gift from Okawaru
 64738 | Depths:4 | Found a gate to the Realm of Zot.
 64847 | Depths:4 | Found a one-way gateway to a ziggurat.
 65200 | Depths:4 | Found a sacrificial altar of Ru.
 65717 | Depths:3 | Reached XP level 23. HP: 156/204 MP: 24/34
 65743 | Depths:3 | Received a gift from Okawaru
 66084 | Depths:3 | Identified the +7 morningstar of Biarirph {drain, Int+3
                  | Dex+6 SInv}
 66099 | Depths:3 | Identified the +4 hat of Patience {rPois Str-4 SInv Stlth+}
 66745 | Vaults:4 | Killed casual's ghost
 66756 | Vaults:4 | Killed tamionv's ghost
 66769 | Vaults:4 | Killed astronautguy's ghost
 66887 | Vaults:5 | Entered Level 5 of the Vaults
 66983 | Vaults:4 | Reached skill level 25 in Armour
 67656 | Vaults:5 | Identified the +7 short sword "Syffuah" {flame, ^Contam
                  | rElec Dex+3}
 67659 | Vaults:5 | Noticed a dread lich
 67670 | Vaults:5 | Killed a dread lich
 67813 | Vaults:5 | Received a gift from Okawaru
 69181 | Vaults:5 | Identified the ring of Esuawn {Ice *Corrode rElec Int+3
                  | Slay+2}
 69346 | Vaults:5 | Received a gift from Okawaru
 69389 | Vaults:5 | Noticed a dread lich
 69402 | Vaults:5 | Killed a dread lich
 69490 | Vaults:5 | Noticed a dread lich
 69512 | Vaults:5 | Killed a dread lich
 69543 | Vaults:5 | Identified the +10 flail of Jouryg {venom, *Corrode rN+
                  | Str+3}
 69552 | Vaults:5 | Reached XP level 24. HP: 110/214 MP: 21/34
 69555 | Vaults:5 | Received a gift from Okawaru
 69555 | Vaults:5 | Paralysed by an ogre mage for 4 turns
 69574 | Vaults:5 | Reached skill level 26 in Armour
 70060 | Vaults:5 | Noticed an ancient lich
 70067 | Vaults:5 | Killed an ancient lich
 70325 | Vaults:5 | Identified the +5 scale mail "Meifrodi" {Str+2 Dex+3}
 70411 | Vaults:5 | Identified the +0 leather armour "Dehewn" {Fly rElec rC-
                  | rCorr}
 70866 | Vaults:5 | Identified the +0 scale mail of Rarraicattu {rC+ Regen+}
 70912 | Vaults:5 | Got a silver rune of Zot
 71575 | Zot:1    | Entered Level 1 of the Realm of Zot
 72274 | Zot:1    | Found a shimmering altar of Xom.
 72809 | Zot:1    | Received a gift from Okawaru
 72850 | Zot:1    | Found a glowing silver altar of Zin.
 73462 | Zot:1    | Received a gift from Okawaru
 75167 | Zot:2    | Received a gift from Okawaru
 75341 | Zot:2    | Acquired 800 gold pieces
 75524 | Zot:2    | Reached skill level 27 in Armour
 76357 | Zot:2    | Reached XP level 25. HP: 121/224 MP: 8/35
 77109 | Zot:3    | Received a gift from Okawaru
 77258 | Arena    | Entered the Arena
 77781 | Zot:3    | HP: 4/224 [white draconian/blast of cold[a white draconian
                  | stormcaller] (20)]
 77783 | Zot:3    | Killed from afar by a yellow draconian annihilator

Illustrated notes

Levels and vault maps discovered:
D:1:      saegor_arrival_simple_c, layout_basic, hangedman_decor_growths,
          minmay_3d_cube
D:2:      layout_basic, chequers_ecumenical_altar_simple, uniq_jessica
D:3:      layout_loops_corners, hangedman_abyss_or_decor_lesser_grid,
          uniq_sigmund, uniq_robin
D:4:      layout_basic, minmay_temple_entry_arrows, roderic_lattice_a
D:5:      layout_basic, lemuel_doored_altar, minmay_overflow_temple_hex,
          ebering_ghost_inner_flame, serial_shops, shop
D:6:      layout_basic, lemuel_blue_sif_altar, uniq_grinder, uniq_pikel
D:7:      layout_cave_pools, kennysheep_pointless_box, mrwooster_statue_mirror,
          uniq_maurice
D:8:      layout_rooms, serial_shops, nicolae_shop_tiny_glass
D:9:      layout_basic, dpeg_oklobed_lair, enter_bailey_5,
          biasface_ghost_orc_armoury, serial_shops, nicolae_shop_trees,
          kennysheep_nondescript
D:10:     layout_basic, minmay_orc_entry_guard_dogs, gammafunk_ghost_ooze,
          serial_aquarium, aquarium_bridge_square [aquarium_subvault_wall,
          aquarium_subvault_bridge, aquarium_subvault_wall,
          aquarium_subvault_bridge], aquarium_window_2, aquarium_window_corner,
          aquarium_window_1, aquarium_view_2e, aquarium_view_2d,
          aquarium_balcony_3a, aquarium_pool_side, dk_noncrumbling_3,
          serial_bayou_lake_a
D:11:     layout_basic, uniq_psyche
D:12:     layout_irregular_city, portal_ice_cave_entry_ice_simulacra,
          uniq_fannar
D:13:     layout_roguey, serial_curves, eino_curves_02, eino_curves_01
D:14:     layout_small_grid, grunt_vaults_entry_tiered,
          kiku_gazebo_garden_becter
D:15:     hangedman_depths_entry_civil_slaughter, layout_basic,
          good_gods_temple_1
Temple:   nicolae_temple_great_sept
Lair:1:   gammafunk_lair_enchanted_lake, layout_cave_pods, st_stairs_11,
          uniq_erica
Lair:2:   layout_loops_ring, nicolae_snake_entry_squirm, st_stairs_6,
          grunt_forest_large_clearings, uniq_nergalle
Lair:3:   nzn_winding_woodlands_cross [nzn_winding_woodlands_5x15_parted,
          nzn_winding_woodlands_5x15_garden, nzn_winding_woodlands_5x15_cabin,
          nzn_winding_woodlands_5x15_longhouse,
          nzn_winding_woodlands_15x15_thick_spiral], layout_chaotic_city,
          minmay_shoals_entry_beasts, patterned_corridor,
          infiniplex_staircase_pool_2
Lair:4:   layout_long_grid, kennysheep_snail_temple, grunt_megastairs_2
Lair:5:   gammafunk_lair_ancient_temple, layout_small_grid,
          minmay_slime_entry_oklob_open, uniq_josephine
Shoals:1: layout_shoals, serial_shops, nicolae_square_shop, nicolae_shop_trees,
          shop, nicolae_shop_tiny_real_fake_doors
Shoals:2: layout_shoals
Shoals:3: layout_shoals, serial_shops, nicolae_shop_trees, nicolae_shop_stone,
          uniq_polyphemus, uniq_ilsuiw
Shoals:4: shoals_end_simple, layout_shoals, uniq_aizul
Snake:1:  layout_gridlike, gammafunk_ghost_wrathful_warriors, serial_shops,
          shop, serial_library_hellmonk_metal_room
Snake:2:  layout_layer_cave
Snake:3:  layout_concentric_octagons, eino_curves_02, grunt_ministairs_3,
          serial_bayou_pond_d
Snake:4:  snake_pit_salamanders_mu, layout_rooms, serial_nicolae_subway,
          nicolae_sub_station_metal, nicolae_sub_station_stone,
          nicolae_sub_station_crystal
Orc:1:    layout_caves, hellmonk_talismancer
Orc:2:    st_orc_congregation, layout_diamond_mine
Elf:1:    layout_geoelf_octagon, hangedman_elven_crosses_minicolossus
Elf:2:    elven_hall_of_blades_hangedman_alternative
          [nicolae_blade_entry_pointy_end], layout_loops_cross, serial_glass,
          glass_columns_a, glass_columns_b, glass_columns_c, glass_columns_a,
          glass_columns_a, glass_columns_a
Elf:3:    minmay_elf_hall_x, layout_geoelf_grid, serial_shops, shop
Vaults:1: nicolae_vaults_octagons, v_pattern_4, nicolae_vaults_angled_halls,
          nicolae_vaults_door_testing_chamber, nicolae_vaults_little_ls,
          vaults_mumra_hex, vaults_room_pools, nicolae_vaults_yaktaur_gun_rack,
          layout_vaults_omnigrid
Vaults:2: gammafunk_ghost_mausoleum, hangedman_vaults_corner,
          minmay_crypt_entry_simple_sparse, nicolae_vaults_lightning_bolt,
          v_misc_3, ontoclasm_vaults_hangar, v_misc_8, v_misc_17,
          nicolae_vaults_heart-shaped_vault, v_misc_8,
          vaults_room_stairs_pillars, hangedman_vaults_impose,
          vaults_dpeg_diagonal, layout_vaults_omnibox, uniq_margery
Vaults:3: portal_desolation_entry_ruin, hangedman_vaults_unwind,
          nicolae_vaults_stepped_doors, hangedman_vaults_trim,
          ontoclasm_vaults_pinch, nicolae_vaults_spaceships,
          nicolae_vaults_heart-shaped_vault, hangedman_vaults_locks,
          nicolae_vaults_hallways_thing, nicolae_vaults_diamond_1,
          nicolae_vaults_storage_room_glass, nicolae_vaults_security_offices_3,
          nicolae_vaults_tetromino_L_1, nicolae_vaults_trapezoid_lopsided_1,
          nicolae_vaults_trapezoid_lopsided_1, layout_vaults_omnicross
Vaults:4: gammafunk_ghost_cemetery, nicolae_vaults_you_can_take_it_with_you,
          nicolae_vaults_trapezoid_lopsided_4,
          nicolae_vaults_windows_and_doors_thing, v_rooms_1,
          hangedman_vaults_river_flow, grunt_vaults_bifocal,
          nicolae_vaults_angled_halls, nicolae_vaults_apartment_1, v_misc_27,
          layout_vaults_maze
Vaults:5: serial_shops
Depths:1: layout_gridlike, gammafunk_ghost_smash,
          serial_sigils_hangedman_clutch, hell_entry, kennysheep_generic_room_16
Depths:2: skrybe_chaotic_catacombs, layout_gridville, serial_sigils,
          serial_sigils_hangedman_gnaw, serial_sigils_hangedman_quiver,
          serial_sigils_hangedman_gut, serial_sigils_hangedman_writhe,
          serial_sigils_hangedman_shear, hangedman_geh_valley,
          grunt_pan_entry_zigzag, infiniplex_staircase_door_maze, uniq_mara,
          uniq_norris, uniq_vv
Depths:3: gammafunk_the_bubble [the_bubble_gammafunk_roulette],
          layout_cave_pools, hell_entry, hangedman_abyss_entry_splay,
          infiniplex_staircase_pool_1
Depths:4: grunt_bruiser_brothers, layout_basic, enter_ziggurat_b, serial_curves,
          eino_curves_04, eino_curves_03, hell_entry, rand_demon_pan_entry_9,
          nrook_pool_corridor, nicolae_ru_great_annihilating_truth
Zot:1:    lemuel_halls_of_wrath, layout_cathedral_of_symmetry,
          regret_index_zot_stipple_split, regret_index_zotdec_bone_old
Zot:2:    layout_basic, grunt_ministairs_13, regret_index_zotdec_banners
Zot:3:    layout_misc_corridors, regret_index_zotdec_zees,
          ebering_ghost_disaster_area
Zot:4:    layout_basic, regret_index_zotdec_icy_dp, uniq_josephina

Skill      XL: |  1  2  3  4  5  6  7  8  9 10 11 12 13 14 15 16 17 18 19 20 21 22 23 24 25 |
---------------+----------------------------------------------------------------------------+-----
Maces & Flails | 2 3 4 6 8 10 11 12 13 14 15 16 17 18 19 20 | 20.8
Armour         | 4 5 6 7 9 11 13 15 16 18 19 20 21 22 23 24 25 27 | 27.0
Fighting       | 3 4 6 7 8 9 10 12 13 14 15 16 17 18 | 18.2
Shields        | 4 5 7 8 10 12 14 15 16 17 18 19 20 21 22 23 24 25 | 25.1
Invocations    | 1 4 5 6 7 8 9 10 12 13 14 15 16 | 16.9

Action                     |  1- 3 |  4- 6 |  7- 9 | 10-12 | 13-15 | 16-18 | 19-21 | 22-24 | 25-27 || total
---------------------------+-------+-------+-------+-------+-------+-------+-------+-------+-------++-------
  Melee: Flail             |    82 |   163 |   155 |   479 |  1537 |       |       |       |       ||  2416
         Tailslap          |     6 |    19 |    22 |    92 |   380 |   264 |   309 |   464 |    19 ||  1575
         Eveningstar       |       |       |       |       |   199 |  1356 |  1499 |  2095 |   123 ||  5272
  Throw: Boomerang         |       |       |     6 |       |       |       |       |       |       ||     6
         Javelin           |       |       |       |       |     1 |     8 |       |     1 |     7 ||    17
 Invoke: Heroism           |       |       |     3 |    14 |    15 |     7 |    15 |    12 |     3 ||    69
         Finesse           |       |       |       |     2 |     3 |     4 |     6 |    10 |     2 ||    27
         Receive Weapon    |       |       |       |       |       |     1 |       |       |       ||     1
         Receive Armour    |       |       |       |       |       |     1 |       |       |       ||     1
         Duel              |       |       |       |       |       |       |     3 |       |     1 ||     4
  Evoke: Wand              |       |       |       |     5 |     3 |       |       |       |       ||     8
         Lightning rod     |       |       |       |       |     4 |       |       |       |       ||     4
         Phial of floods   |       |       |       |       |     1 |       |       |       |       ||     1
    Use: Scroll            |     4 |     6 |    11 |     6 |    13 |     6 |    12 |     9 |     2 ||    69
         Potion            |       |     3 |       |     3 |    14 |     2 |    18 |    15 |     4 ||    59
   Stab: Held in net/web   |       |       |       |       |       |     2 |       |       |       ||     2
         Invisible         |       |       |       |       |       |       |       |    13 |       ||    13
         Paralysed         |       |       |       |       |       |       |       |     1 |       ||     1
 Armour: Scale mail        |    51 |    85 |    52 |       |       |       |       |       |       ||   188
         Plate armour      |       |       |    77 |   272 |  1189 |   576 |   767 |   674 |       ||  3555
         Chain mail        |       |       |    46 |   158 |       |       |       |       |       ||   204
         Ring mail         |       |       |     6 |       |       |       |       |       |       ||     6
         Skin              |       |       |     8 |       |       |       |       |       |       ||     8
         Crystal plate arm |       |       |       |       |       |       |       |   516 |    74 ||   590
  Dodge: Dodged            |    17 |    48 |    50 |   141 |   275 |    79 |   115 |   139 |     8 ||   872
  Block: Buckler           |    29 |    68 |   107 |   327 |   685 |       |       |       |       ||  1216
         Reflection        |       |     2 |     3 |    12 |    31 |   156 |    88 |   101 |     2 ||   395
         Kite shield       |       |       |       |       |   330 |    14 |       |       |       ||   344
         Tower shield      |       |       |       |       |       |  1645 |  1599 |  2491 |   163 ||  5898
